Map: Terminal stellaire EC (Void)

Players

AgCl

  • Race: Protoss Protoss
  • League: Gold

blacko - Winner!

  • Race: Zerg Zerg
  • League: Grandmaster

VOD

Have the link to the VOD?

Description

Time

  • Played on: July 17, 2015, 6:48 p.m.
  • Length: 8:43
Show
View Real Time Build Order
Export as new Build Order

AgCl Protoss 

Build Orders:  

Get SALT Encoding   

  12  0:24  Probe  
  13  0:30  Pylon  
  13  0:37  Probe, Assimilator  
  14  0:49  Probe  
  15  1:01  Probe (Chrono Boost)  
  17  1:11  Gateway  
  17  1:12  Probe (Chrono Boost)  
  17  1:18  Probe (Chrono Boost)  
  18  1:26  Pylon  
  18  1:30  Probe  
  19  1:42  Probe  
  20  1:54  Probe  
  21  2:06  Probe (Chrono Boost)  
  21  2:08  Cybernetics Core  
  23  2:17  Probe (Chrono Boost)  
  23  2:19  Nexus  
  23  2:23  Probe  
  23  2:28  Assimilator  
  24  2:35  Probe  
  25  2:47  Probe (Chrono Boost)  
  25  2:49  Gateway  
  26  2:53  Warp Gate (Chrono Boost)  
  28  2:59  Mothership Core (Chrono Boost)  
  30  3:08  Pylon  
  30  3:12  Adept (Chrono Boost), Pylon  
  30  3:17  Pylon  
  30  3:30  Probe  
  30  3:32  Probe  
  32  3:38  Pylon  
  32  3:42  Probe (Chrono Boost)  
  32  3:46  Gateway  
  34  3:54  Probe (Chrono Boost)  
  34  3:56  Gateway  
  34  3:59  Probe (Chrono Boost)  
  34  4:01  Probe (Chrono Boost)  
  36  4:08  Pylon  
  37  4:11  Probe (Chrono Boost)  
  37  4:13  Probe (Chrono Boost)  
  38  4:20  Probe (Chrono Boost)  
  38  4:21  Probe (Chrono Boost)  
  40  4:30  Gateway  
  42  4:32  Probe (Chrono Boost)  
  42  4:34  Probe (Chrono Boost)  
  42  4:35  Gateway  
  42  4:38  Probe (Chrono Boost)  
  43  4:40  Probe  
  44  4:49  Probe  
  44  4:50  Stargate  
  44  4:52  Probe, Forge  
  46  4:56  Adept  
  46  4:58  Adept  
  50  5:00  Adept  
  50  5:02  Probe  
  50  5:04  Probe  
  54  5:10  Adept  
  56  5:14  Probe  
  56  5:17  Probe  
  58  5:26  Probe  
  59  5:29  Probe, Pylon  
  59  5:33  Adept  
  59  5:34  Stalker, Adept  
  59  5:35  Stalker  
  68  5:38  Probe  
  68  5:39  Protoss Ground Weapons Level 1 (Chrono Boost)  
  68  5:41  Probe  
  70  5:50  Probe  
  70  5:52  Sentry  
  70  5:53  Probe  
  70  5:55  Adept  
  70  5:56  Adept  
  76  6:03  Adept x3  
  70  6:13  Stalker x2  
  70  6:15  Probe  
  69  6:19  Probe  
  66  6:26  Adept  
  66  6:27  Stalker x2, Adept  
  66  6:29  Probe  
  66  6:32  Assimilator  
  73  6:34  Assimilator  
  72  7:10  Pylon  
  72  7:18  Pylon  
  70  7:23  Pylon  
  64  7:35  Void Ray (Chrono Boost)  
  60  7:37  Adept x2  
  60  7:44  Adept x2  
  62  7:50  Stalker  
  65  7:52  Probe (Chrono Boost)  
  65  7:56  Probe (Chrono Boost)  
  62  8:02  Mothership Core (Chrono Boost)  
  61  8:06  Probe (Chrono Boost)  
  61  8:09  Adept x3  
  61  8:11  Adept  
  60  8:17  Probe (Chrono Boost)  
  57  8:20  Probe (Chrono Boost)  
  55  8:27  Zealot  
  55  8:32  Cybernetics Core  
  55  8:33  Pylon  
  57  8:35  Pylon  
Show
View Real Time Build Order
Export as new Build Order

blacko Zerg - Winner!

Build Orders: Hatch First 

Get SALT Encoding   

  12  0:02  Drone  
  13  0:10  Drone  
  14  0:17  Overlord  
  14  0:29  Extractor  
  14  0:30  Drone  
  15  0:36  Drone x2  
  17  0:46  Drone  
  18  0:59  Drone  
  18  1:02  Hatchery  
  18  1:03  Extractor  
  17  1:07  Drone  
  18  1:20  Spawning Pool  
  18  1:22  Drone  
  18  1:31  Drone  
  19  1:41  Overlord  
  19  2:09  Queen  
  19  2:10  Metabolic Boost  
  19  2:12  Zergling x4  
  23  2:16  Queen  
  23  2:17  Drone  
  23  2:18  Drone  
  27  2:24  Drone  
  27  2:27  Overlord  
  28  2:37  Drone x2  
  30  2:47  Drone x2  
  30  2:49  Roach Warren  
  31  2:55  Queen  
  33  3:07  Drone  
  33  3:08  Drone x2  
  36  3:13  Drone  
  37  3:26  Drone  
  40  3:27  Drone x6  
  40  3:32  Lair  
  40  3:33  Extractor  
  42  3:47  Drone  
  43  3:49  Overlord x3  
  43  4:02  Spore Crawler  
  42  4:03  Spore Crawler  
  42  4:06  Drone x2  
  42  4:09  Spore Crawler  
  42  4:11  Drone x4  
  42  4:12  Spore Crawler, Drone  
  42  4:16  Extractor x2  
  44  4:21  Drone  
  44  4:23  Drone x3  
  44  4:24  Drone  
  49  4:36  Hydralisk Den  
  48  4:39  Infestation Pit  
  48  4:44  Evolution Chamber, Drone  
  48  4:45  Evolution Chamber, Drone x2  
  49  4:47  Glial Reconstitution  
  48  4:56  Drone x2  
  48  4:57  Drone  
  51  5:07  Hatchery  
  50  5:23  Roach  
  50  5:24  Roach x7  
  66  5:50  Overlord x4  
  63  6:08  Roach x7  
  74  6:18  Drone  
  74  6:19  Drone  
  75  6:27  Zerg Missile Weapons Level 1  
  75  6:28  Zerg Ground Armor Level 1  
  75  6:52  Drone x12, Extractor  
  75  6:53  Extractor  
  85  7:02  Roach  
  87  7:11  Roach x2  
  87  7:12  Roach  
  91  7:18  Roach  
  91  7:19  Roach x3  
  95  7:28  Roach  
  95  7:29  Roach x5  
  105  7:31  Overlord x3  
  105  7:32  Overlord  
  99  7:45  Roach  
  99  7:46  Roach x2  
  103  7:52  Roach x3  
  103  7:53  Roach  
  111  8:04  Roach x3  
  109  8:18  Drone x3  
  109  8:19  Drone x2  
  114  8:21  Drone, Overlord  
  114  8:22  Overlord x5  
Tags
 
Add a new tag
Caveats
  • Supply blocks, unpowered buildings, or Contaminate may cause inaccurate times.
  • Supply counts are checked every 10 seconds.